[ AOE2 MATCH · #488725932 ]
UnrankedKhmer vs Khmer
[ REPLAY ANALYSIS · EXTRACTED FROM THE RECORDED GAME ]
Feudal
—
Castle
—
Imperial
—
| APM avg | 28.4 |
| APM peak | 62 |
| eAPM avg | 19.4 |
| Villagers / military | 144 / 452 |
Focus
⚔️ 51.9% · 🌾 48.1%
Scout Cavalry ×253 · Ballista Elephant ×121 · Knight ×64 · Trebuchet (Packed) ×13 · Monk ×1
Feudal
11:36
Castle
21:24
Imperial
35:33
| APM avg | 43.9 |
| APM peak | 75 |
| eAPM avg | 33.8 |
| Villagers / military | 178 / 194 |
Focus
⚔️ 23.5% · 🌾 76.5%
Scout Cavalry ×87 · Ballista Elephant ×47 · Mangonel ×25 · Scorpion ×21 · Battering Ram ×7 · Trebuchet (Packed) ×4
Feudal
13:26
Castle
17:21
Imperial
32:36
| APM avg | 48.5 |
| APM peak | 140 |
| eAPM avg | 21.8 |
| Villagers / military | 166 / 455 |
Focus
⚔️ 22.2% · 🌾 77.8%
Spearman ×321 · Scorpion ×58 · Militia ×56 · Trebuchet (Packed) ×13 · Mangonel ×7
Feudal
10:47
Castle
14:52
Imperial
36:49
| APM avg | 43.3 |
| APM peak | 112 |
| eAPM avg | 20.9 |
| Villagers / military | 173 / 278 |
Focus
⚔️ 26.4% · 🌾 73.6%
War Elephant ×142 · Scout Cavalry ×112 · Trade Cart ×38 · Knight ×14 · Monk ×5 · Trebuchet (Packed) ×5
Feudal
—
Castle
—
Imperial
—
| APM avg | 63.9 |
| APM peak | 134 |
| eAPM avg | 39.9 |
| Villagers / military | 214 / 900 |
Focus
⚔️ 68.8% · 🌾 31.2%
Spearman ×507 · Eagle Scout ×195 · Archer ×128 · Plumed Archer ×29 · Skirmisher ×28 · Militia ×7
Feudal
11:58
Castle
15:32
Imperial
34:10
| APM avg | 26.4 |
| APM peak | 61 |
| eAPM avg | 16.3 |
| Villagers / military | 186 / 418 |
Focus
⚔️ 27.8% · 🌾 72.2%
Spearman ×192 · Fire Lancer ×139 · Iron Pagoda ×39 · Trade Cart ×20 · Skirmisher ×18 · Chu Ko Nu ×16
Feudal
11:56
Castle
16:34
Imperial
31:35
| APM avg | 21.0 |
| APM peak | 103 |
| eAPM avg | 16.0 |
| Villagers / military | 137 / 734 |
Focus
⚔️ 46.0% · 🌾 54.0%
Scout Cavalry ×348 · Camel Scout ×193 · Shrivamsha Rider ×166 · Chakram Thrower ×14 · Bombard Cannon ×12 · Trade Cart ×8
Feudal
—
Castle
—
Imperial
—
| APM avg | 34.3 |
| APM peak | 66 |
| eAPM avg | 23.6 |
| Villagers / military | 279 / 78 |
Focus
⚔️ 18.5% · 🌾 81.5%
Archer ×27 · Mangonel ×21 · Rattan Archer ×13 · Battle Elephant ×8 · Spearman ×6 · Battering Ram ×2
Match map
Initial resources + every placement click. Lines = walls · curves = elevation contours. ◆ gold · ⬟ stone · ● berries · ✦ relic · ◌ wall gap
Your base· Open — opponent sealed themselves in
K's base· ✓ Closed at 21:24 · 17t walls · 1 gate(s)
DeMainFast's base· Open — opponent sealed themselves in
moor_samara's base· ✓ Closed at 14:52 · 0t walls · no gate
Fabrizio 094455's base· Open — opponent sealed themselves in
artemjunior's base· ✓ Closed at 15:32 · 16t walls · no gate
JoeNature's base· ✓ Closed at 16:34 · 0t walls · no gate
TicketedZero13's base· Open — opponent sealed themselves in
Smoothed initial terrain · ◌ = detected wall gap · hover for details
Inputs per minute
— AcousticBook4 - - K
Build order — AcousticBook4
First 150 of 810 actions detected
| 0:02 | Queue | Villager (Male) |
| 0:02 | Queue | Villager (Male) |
| 0:02 | Queue | Villager (Male) |
| 0:03 | Queue | Villager (Male) |
| 0:03 | Queue | Villager (Male) |
| 0:04 | Build | House |
| 0:06 | Build | House |
| 1:25 | Queue | Villager (Male) |
| 1:45 | Build | Lumber Camp |
| 2:16 | Queue | Villager (Male) |
| 2:16 | Queue | Villager (Male) |
| 2:17 | Queue | Villager (Male) |
| 2:48 | Queue | Villager (Male) |
| 2:49 | Queue | Villager (Male) |
| 3:22 | Queue | Villager (Male) |
| 4:02 | Queue | Villager (Male) |
| 4:02 | Queue | Villager (Male) |
| 4:02 | Queue | Villager (Male) |
| 4:13 | Build | House |
| 4:15 | Build | House |
| 5:31 | Queue | Villager (Male) |
| 5:32 | Queue | Villager (Male) |
| 5:32 | Queue | Villager (Male) |
| 5:45 | Queue | Villager (Male) |
| 6:00 | Queue | Villager (Male) |
| 6:05 | Build | Mill |
| 6:20 | Queue | Villager (Male) |
| 6:20 | Queue | Villager (Male) |
| 8:12 | Build | Mining Camp |
| 8:18 | Queue | Villager (Male) |
| 8:18 | Queue | Villager (Male) |
| 8:19 | Queue | Villager (Male) |
| 8:49 | Queue | Villager (Male) |
| 8:59 | Build | Farm |
| 9:00 | Build | Farm |
| 9:01 | Build | Farm |
| 9:02 | Build | Farm |
| 9:09 | Research | Loom |
| 9:47 | Research | Feudal Age |
| 9:54 | Build | Farm |
| 9:55 | Build | Farm |
| 10:30 | Queue | Villager (Male) |
| 10:30 | Queue | Villager (Male) |
| 11:02 | Build | Farm |
| 11:03 | Build | Farm |
| 12:33 | Research | Castle Age |
| 12:33 | Research | Castle Age |
| 12:45 | Build | House |
| 12:47 | Build | House |
| 13:15 | Queue | Villager (Male) |
| 13:23 | Build | Mining Camp |
| 13:26 | Research | Horse Collar |
| 13:26 | Research | Horse Collar |
| 13:28 | Research | Double-Bit Axe |
| 13:28 | Research | Double-Bit Axe |
| 13:59 | Queue | Villager (Male) |
| 14:17 | Build | Farm |
| 14:18 | Build | Farm |
| 15:15 | Build | Town Center |
| 15:25 | Research | Bow Saw |
| 15:25 | Research | Bow Saw |
| 15:51 | Queue | Villager (Male) |
| 16:13 | Queue | Villager (Male) |
| 16:19 | Research | Wheelbarrow |
| 17:10 | Queue | Villager (Male) |
| 17:15 | Queue | Villager (Male) |
| 17:16 | Queue | Villager (Male) |
| 17:16 | Queue | Villager (Male) |
| 17:16 | Queue | Villager (Male) |
| 17:34 | Build | Town Center |
| 17:40 | Queue | Villager (Male) |
| 17:40 | Queue | Villager (Male) |
| 18:02 | Research | Gold Mining |
| 18:02 | Research | Gold Mining |
| 18:10 | Queue | Villager (Male) |
| 18:10 | Queue | Villager (Male) |
| 18:10 | Queue | Villager (Male) |
| 18:11 | Queue | Villager (Male) |
| 18:47 | Build | House |
| 18:48 | Build | House |
| 18:49 | Build | House |
| 18:58 | Queue | Villager (Male) |
| 18:59 | Queue | Villager (Male) |
| 18:59 | Queue | Villager (Male) |
| 19:01 | Build | Farm |
| 19:15 | Queue | Villager (Male) |
| 19:15 | Queue | Villager (Male) |
| 19:16 | Queue | Villager (Male) |
| 19:21 | Queue | Villager (Male) |
| 19:22 | Queue | Villager (Male) |
| 19:23 | Queue | Villager (Male) |
| 19:39 | Build | Barracks |
| 19:42 | Queue | Villager (Male) |
| 19:42 | Queue | Villager (Male) |
| 19:43 | Queue | Villager (Male) |
| 19:43 | Queue | Villager (Male) |
| 20:26 | Research | Heavy Plow |
| 20:27 | Research | Heavy Plow |
| 20:27 | Research | Heavy Plow |
| 20:30 | Build | Farm |
| 20:33 | Build | Farm |
| 20:37 | Build | Monastery |
| 20:41 | Queue | Villager (Male) |
| 20:41 | Queue | Villager (Male) |
| 20:42 | Queue | Villager (Male) |
| 20:50 | Build | House |
| 21:06 | Build | Farm |
| 21:10 | Build | Farm |
| 21:21 | Queue | Monk |
| 21:34 | Build | Farm |
| 21:35 | Build | Farm |
| 21:36 | Build | Farm |
| 21:41 | Queue | Villager (Male) |
| 21:49 | Build | Stable |
| 21:52 | Build | Stable |
| 21:56 | Build | Farm |
| 21:59 | Queue | Villager (Male) |
| 22:00 | Queue | Villager (Male) |
| 22:01 | Queue | Villager (Male) |
| 22:01 | Queue | Villager (Male) |
| 22:09 | Build | Farm |
| 22:09 | Build | Farm |
| 22:11 | Build | Farm |
| 22:15 | Queue | Villager (Male) |
| 22:16 | Queue | Villager (Male) |
| 22:16 | Queue | Villager (Male) |
| 22:31 | Build | Farm |
| 22:42 | Build | House |
| 22:43 | Build | House |
| 22:44 | Build | House |
| 22:44 | Build | House |
| 22:45 | Build | House |
| 22:50 | Queue | Villager (Male) |
| 22:51 | Queue | Villager (Male) |
| 22:52 | Queue | Villager (Male) |
| 23:08 | Build | Farm |
| 23:08 | Build | Farm |
| 23:11 | Build | House |
| 23:12 | Build | House |
| 23:13 | Build | House |
| 23:26 | Research | Hand Cart |
| 23:34 | Build | Farm |
| 23:38 | Build | Farm |
| 23:42 | Build | Farm |
| 23:59 | Queue | Villager (Male) |
| 24:00 | Queue | Villager (Male) |
| 24:00 | Queue | Villager (Male) |
| 24:20 | Queue | Villager (Male) |
| 24:20 | Queue | Villager (Male) |
| 24:30 | Build | Farm |
Build order — K
First 150 of 624 actions detected
| 0:03 | Research | Loom |
| 0:04 | Research | Loom |
| 0:04 | Queue | Villager (Male) |
| 0:04 | Queue | Villager (Male) |
| 0:04 | Queue | Villager (Male) |
| 0:05 | Build | House |
| 0:06 | Build | House |
| 0:17 | Queue | Villager (Male) |
| 0:18 | Queue | Villager (Male) |
| 1:04 | Build | Palisade Wall |
| 2:16 | Queue | Villager (Male) |
| 2:17 | Queue | Villager (Male) |
| 3:07 | Queue | Villager (Male) |
| 3:07 | Queue | Villager (Male) |
| 3:16 | Build | House |
| 3:24 | Build | Palisade Wall |
| 3:30 | Queue | Villager (Male) |
| 3:30 | Queue | Villager (Male) |
| 3:50 | Build | Palisade Wall |
| 4:02 | Queue | Villager (Male) |
| 4:02 | Queue | Villager (Male) |
| 4:12 | Build | Palisade Wall |
| 4:25 | Queue | Villager (Male) |
| 4:25 | Queue | Villager (Male) |
| 4:47 | Build | Palisade Wall |
| 4:56 | Queue | Villager (Male) |
| 5:14 | Build | Palisade Wall |
| 5:34 | Queue | Villager (Male) |
| 5:34 | Queue | Villager (Male) |
| 5:41 | Build | Mill |
| 5:56 | Queue | Villager (Male) |
| 5:56 | Queue | Villager (Male) |
| 6:22 | Queue | Villager (Male) |
| 6:22 | Queue | Villager (Male) |
| 6:46 | Queue | Villager (Male) |
| 6:47 | Queue | Villager (Male) |
| 7:08 | Queue | Villager (Male) |
| 7:08 | Queue | Villager (Male) |
| 7:08 | Queue | Villager (Male) |
| 7:09 | Queue | Villager (Male) |
| 7:47 | Queue | Villager (Male) |
| 7:51 | Build | House |
| 8:26 | Build | Lumber Camp |
| 8:33 | Queue | Villager (Male) |
| 9:26 | Research | Feudal Age |
| 9:26 | Research | Feudal Age |
| 10:10 | Build | House |
| 11:35 | Build | Mining Camp |
| 11:36 | Age | Feudal Age |
| 11:45 | Build | Watch Tower |
| 11:47 | Queue | Villager (Male) |
| 11:49 | Queue | Villager (Male) |
| 11:50 | Research | Double-Bit Axe |
| 12:09 | Queue | Villager (Male) |
| 12:22 | Queue | Villager (Male) |
| 12:23 | Build | House |
| 13:00 | Build | House |
| 13:03 | Build | House |
| 13:21 | Build | Watch Tower |
| 13:26 | Queue | Villager (Male) |
| 13:39 | Queue | Villager (Male) |
| 13:57 | Queue | Villager (Male) |
| 14:22 | Build | House |
| 14:24 | Build | House |
| 14:27 | Build | House |
| 14:34 | Queue | Villager (Male) |
| 15:02 | Build | House |
| 15:04 | Queue | Villager (Male) |
| 15:10 | Build | Blacksmith |
| 15:15 | Build | Watch Tower |
| 15:54 | Research | Fletching |
| 15:55 | Research | Fletching |
| 15:56 | Queue | Villager (Male) |
| 15:59 | Build | Mining Camp |
| 16:24 | Queue | Villager (Male) |
| 16:25 | Build | Farm |
| 16:26 | Build | Farm |
| 16:28 | Queue | Villager (Male) |
| 16:30 | Build | Farm |
| 16:31 | Build | Farm |
| 17:00 | Build | Farm |
| 17:01 | Build | Farm |
| 17:03 | Queue | Villager (Male) |
| 17:29 | Queue | Villager (Male) |
| 17:32 | Build | Market |
| 17:34 | Queue | Villager (Male) |
| 18:44 | Research | Castle Age |
| 18:44 | Research | Castle Age |
| 20:04 | Build | Farm |
| 20:25 | Research | Padded Archer Armor |
| 20:25 | Research | Padded Archer Armor |
| 20:25 | Research | Padded Archer Armor |
| 21:03 | Build | Palisade Gate |
| 21:24 | Age | Castle Age |
| 21:27 | Queue | Villager (Male) |
| 21:27 | Queue | Villager (Male) |
| 21:27 | Queue | Villager (Male) |
| 21:28 | Queue | Villager (Male) |
| 21:29 | Queue | Villager (Male) |
| 22:02 | Build | Siege Workshop |
| 22:07 | Queue | Villager (Male) |
| 22:36 | Queue | Villager (Male) |
| 22:48 | Queue | Mangonel |
| 22:49 | Queue | Scorpion |
| 23:12 | Build | Castle |
| 23:35 | Build | Palisade Wall |
| 23:59 | Queue | Villager (Male) |
| 23:59 | Queue | Villager (Male) |
| 24:08 | Queue | Battering Ram |
| 24:09 | Queue | Battering Ram |
| 24:28 | Queue | Villager (Male) |
| 24:31 | Build | Lumber Camp |
| 24:33 | Build | Town Center |
| 24:42 | Build | Farm |
| 24:44 | Build | Farm |
| 24:46 | Build | Farm |
| 25:09 | Queue | Battering Ram |
| 25:25 | Queue | Villager (Male) |
| 25:30 | Build | Farm |
| 25:52 | Queue | Battering Ram |
| 25:56 | Queue | Ballista Elephant |
| 25:56 | Queue | Ballista Elephant |
| 25:57 | Queue | Ballista Elephant |
| 26:02 | Queue | Villager (Male) |
| 26:06 | Build | Farm |
| 26:19 | Build | Town Center |
| 26:45 | Queue | Ballista Elephant |
| 26:49 | Queue | Ballista Elephant |
| 27:23 | Queue | Mangonel |
| 27:54 | Queue | Villager (Male) |
| 27:54 | Queue | Villager (Male) |
| 28:08 | Queue | Villager (Male) |
| 28:08 | Queue | Villager (Male) |
| 28:22 | Queue | Mangonel |
| 28:34 | Queue | Villager (Male) |
| 28:41 | Build | Mill |
| 28:43 | Queue | Villager (Male) |
| 28:45 | Queue | Villager (Male) |
| 28:47 | Queue | Villager (Male) |
| 28:48 | Queue | Villager (Male) |
| 29:04 | Queue | Villager (Male) |
| 29:12 | Queue | Villager (Male) |
| 29:26 | Build | Stable |
| 29:33 | Queue | Villager (Male) |
| 29:35 | Queue | Villager (Male) |
| 29:36 | Queue | Villager (Male) |
| 29:41 | Build | House |
| 29:42 | Build | House |
| 29:49 | Queue | Villager (Male) |
| 29:51 | Queue | Villager (Male) |
Build order — DeMainFast
First 150 of 516 actions detected
| 0:03 | Research | Loom |
| 0:04 | Queue | Villager (Male) |
| 0:07 | Build | House |
| 0:08 | Build | House |
| 0:40 | Queue | Villager (Male) |
| 0:40 | Queue | Villager (Male) |
| 0:40 | Queue | Villager (Male) |
| 1:51 | Queue | Villager (Male) |
| 2:24 | Queue | Villager (Male) |
| 2:24 | Queue | Villager (Male) |
| 3:17 | Queue | Villager (Male) |
| 3:17 | Queue | Villager (Male) |
| 3:18 | Queue | Villager (Male) |
| 3:18 | Queue | Villager (Male) |
| 3:55 | Queue | Villager (Male) |
| 4:16 | Build | Mule Cart |
| 4:51 | Queue | Villager (Male) |
| 4:51 | Queue | Villager (Male) |
| 4:57 | Queue | Villager (Male) |
| 4:58 | Queue | Villager (Male) |
| 5:21 | Build | Mill |
| 5:34 | Build | House |
| 5:50 | Queue | Villager (Male) |
| 5:50 | Queue | Villager (Male) |
| 5:50 | Queue | Villager (Male) |
| 5:50 | Queue | Villager (Male) |
| 6:05 | Build | House |
| 6:19 | Build | House |
| 6:20 | Build | House |
| 6:48 | Queue | Villager (Male) |
| 6:48 | Queue | Villager (Male) |
| 6:49 | Queue | Villager (Male) |
| 8:32 | Queue | Villager (Male) |
| 8:32 | Queue | Villager (Male) |
| 9:36 | Queue | Villager (Male) |
| 9:37 | Queue | Villager (Male) |
| 9:37 | Queue | Villager (Male) |
| 9:38 | Queue | Villager (Male) |
| 9:38 | Queue | Villager (Male) |
| 10:50 | Build | Mule Cart |
| 10:58 | Build | Farm |
| 10:58 | Build | Farm |
| 10:59 | Build | Farm |
| 10:59 | Build | Farm |
| 10:59 | Build | Farm |
| 10:59 | Build | Farm |
| 11:05 | Research | Feudal Age |
| 11:44 | Build | Farm |
| 11:45 | Build | Farm |
| 11:46 | Build | Farm |
| 13:26 | Age | Feudal Age |
| 13:28 | Queue | Villager (Male) |
| 13:28 | Queue | Villager (Male) |
| 13:37 | Build | Market |
| 13:46 | Build | Blacksmith |
| 14:41 | Research | Castle Age |
| 14:54 | Build | Barracks |
| 15:20 | Research | Double-Bit Axe |
| 16:47 | Build | Barracks |
| 16:59 | Queue | Villager (Male) |
| 17:00 | Queue | Villager (Male) |
| 17:00 | Queue | Villager (Male) |
| 17:01 | Queue | Villager (Male) |
| 17:21 | Age | Castle Age |
| 17:28 | Build | Town Center |
| 17:46 | Research | Man-at-Arms (upgrade) |
| 17:52 | Build | House |
| 17:53 | Build | House |
| 17:53 | Build | House |
| 17:54 | Build | House |
| 17:56 | Build | House |
| 18:00 | Research | Town Watch |
| 18:09 | Research | Pikeman (upgrade) |
| 18:18 | Queue | Spearman ×4 |
| 18:26 | Queue | Villager (Male) |
| 18:27 | Queue | Villager (Male) |
| 18:27 | Queue | Villager (Male) |
| 18:27 | Queue | Villager (Male) |
| 18:27 | Queue | Villager (Male) |
| 18:28 | Queue | Villager (Male) |
| 18:36 | Research | Squires |
| 18:39 | Queue | Militia ×2 |
| 18:59 | Queue | Villager (Male) |
| 19:24 | Queue | Villager (Male) |
| 19:24 | Queue | Villager (Male) |
| 19:30 | Build | Farm |
| 19:30 | Build | Farm |
| 19:30 | Build | Farm |
| 19:31 | Build | Farm |
| 19:31 | Build | Farm |
| 19:31 | Build | Farm |
| 19:31 | Build | Farm |
| 19:32 | Build | Farm |
| 19:32 | Build | Farm |
| 19:46 | Queue | Spearman |
| 19:47 | Queue | Spearman |
| 20:09 | Queue | Villager (Male) |
| 20:10 | Queue | Villager (Male) |
| 20:10 | Queue | Villager (Male) |
| 20:22 | Build | House |
| 20:23 | Build | House |
| 20:24 | Build | House |
| 20:24 | Build | House |
| 20:26 | Build | House |
| 20:26 | Build | House |
| 20:27 | Build | House |
| 20:29 | Build | House |
| 20:40 | Build | Farm |
| 20:48 | Build | Farm |
| 20:58 | Build | Farm |
| 21:03 | Queue | Villager (Male) |
| 21:03 | Queue | Villager (Male) |
| 21:03 | Queue | Villager (Male) |
| 21:04 | Queue | Villager (Male) |
| 21:04 | Queue | Villager (Male) |
| 21:07 | Build | Farm |
| 21:53 | Queue | Villager (Male) |
| 21:53 | Queue | Villager (Male) |
| 21:54 | Queue | Villager (Male) |
| 21:54 | Queue | Villager (Male) |
| 21:54 | Queue | Villager (Male) |
| 22:02 | Build | Town Center |
| 22:07 | Queue | Villager (Male) |
| 22:36 | Build | Siege Workshop |
| 22:38 | Build | House |
| 22:42 | Queue | Villager (Male) |
| 22:42 | Queue | Villager (Male) |
| 22:42 | Queue | Villager (Male) |
| 22:43 | Queue | Villager (Male) |
| 22:55 | Queue | Villager (Male) |
| 22:56 | Queue | Villager (Male) |
| 23:28 | Build | Farm |
| 23:28 | Build | Farm |
| 23:28 | Build | Farm |
| 23:28 | Build | Farm |
| 23:29 | Build | Farm |
| 23:29 | Build | Farm |
| 23:29 | Build | Farm |
| 23:29 | Build | Farm |
| 23:30 | Build | Farm |
| 23:30 | Build | Farm |
| 23:30 | Build | Farm |
| 23:30 | Build | Farm |
| 23:30 | Build | Farm |
| 23:31 | Build | Farm |
| 24:06 | Queue | Villager (Male) |
| 24:06 | Queue | Villager (Male) |
| 24:07 | Queue | Villager (Male) |
| 24:07 | Queue | Villager (Male) |
| 24:07 | Queue | Villager (Male) |
Build order — moor_samara
First 150 of 582 actions detected
| 0:01 | Queue | Villager (Male) |
| 0:01 | Queue | Villager (Male) |
| 0:02 | Build | House |
| 0:04 | Build | House |
| 0:19 | Queue | Villager (Male) |
| 0:20 | Queue | Villager (Male) |
| 0:20 | Queue | Villager (Male) |
| 1:34 | Queue | Villager (Male) |
| 2:01 | Queue | Villager (Male) |
| 2:03 | Build | Lumber Camp |
| 2:28 | Queue | Villager (Male) |
| 2:29 | Queue | Villager (Male) |
| 3:00 | Queue | Villager (Male) |
| 3:15 | Build | House |
| 3:17 | Build | House |
| 3:21 | Queue | Villager (Male) |
| 3:21 | Queue | Villager (Male) |
| 4:03 | Build | Mill |
| 4:05 | Queue | Villager (Male) |
| 4:05 | Queue | Villager (Male) |
| 4:25 | Queue | Villager (Male) |
| 5:12 | Queue | Villager (Male) |
| 5:13 | Queue | Villager (Male) |
| 5:19 | Queue | Villager (Male) |
| 5:19 | Queue | Villager (Male) |
| 5:19 | Queue | Villager (Male) |
| 5:52 | Queue | Villager (Male) |
| 6:27 | Queue | Villager (Male) |
| 6:42 | Build | Lumber Camp |
| 6:46 | Queue | Villager (Male) |
| 6:53 | Queue | Villager (Male) |
| 7:08 | Queue | Villager (Male) |
| 8:27 | Build | House |
| 8:39 | Queue | Villager (Male) |
| 8:40 | Queue | Villager (Male) |
| 8:43 | Research | Feudal Age |
| 8:51 | Build | Mining Camp |
| 9:25 | Queue | Villager (Male) |
| 10:38 | Queue | Villager (Male) |
| 10:47 | Age | Feudal Age |
| 10:55 | Build | Market |
| 11:02 | Build | Blacksmith |
| 11:19 | Queue | Villager (Male) |
| 11:28 | Build | House |
| 11:48 | Build | Mill |
| 11:58 | Queue | Villager (Male) |
| 12:25 | Build | Farm |
| 12:27 | Research | Castle Age |
| 12:36 | Build | Farm |
| 12:59 | Build | Mining Camp |
| 13:07 | Research | Horse Collar |
| 13:28 | Build | Farm |
| 13:29 | Build | Farm |
| 13:32 | Queue | Villager (Male) |
| 14:01 | Research | Double-Bit Axe |
| 14:27 | Queue | Villager (Male) |
| 14:34 | Queue | Villager (Male) |
| 14:43 | Queue | Villager (Male) |
| 14:52 | Age | Castle Age |
| 14:55 | Build | Town Center |
| 15:02 | Queue | Villager (Male) |
| 15:06 | Research | Bow Saw |
| 15:38 | Queue | Villager (Male) |
| 15:56 | Build | Farm |
| 16:02 | Queue | Villager (Male) |
| 16:11 | Queue | Villager (Male) |
| 16:23 | Build | Town Center |
| 16:31 | Queue | Villager (Male) |
| 16:31 | Queue | Villager (Male) |
| 16:32 | Queue | Villager (Male) |
| 16:43 | Build | Farm |
| 16:55 | Build | Farm |
| 17:14 | Build | Farm |
| 17:23 | Build | Farm |
| 17:26 | Queue | Villager (Male) |
| 17:30 | Build | Farm |
| 17:34 | Queue | Villager (Male) |
| 17:36 | Queue | Villager (Male) |
| 17:37 | Queue | Villager (Male) |
| 17:44 | Build | House |
| 17:46 | Build | House |
| 17:48 | Build | House |
| 17:49 | Build | House |
| 17:57 | Build | House |
| 18:01 | Build | House |
| 18:03 | Build | House |
| 18:04 | Build | House |
| 18:11 | Build | House |
| 18:12 | Build | House |
| 18:14 | Build | House |
| 18:15 | Build | House |
| 18:17 | Queue | Villager (Male) |
| 18:17 | Queue | Villager (Male) |
| 18:19 | Queue | Villager (Male) |
| 18:32 | Queue | Villager (Male) |
| 18:36 | Build | Farm |
| 18:41 | Build | Farm |
| 18:45 | Build | Farm |
| 18:51 | Build | Farm |
| 18:53 | Queue | Villager (Male) |
| 18:53 | Queue | Villager (Male) |
| 19:04 | Build | House |
| 19:12 | Build | Farm |
| 19:14 | Build | Farm |
| 19:16 | Queue | Villager (Male) |
| 19:25 | Build | Farm |
| 19:27 | Build | Farm |
| 19:31 | Build | Farm |
| 19:32 | Queue | Villager (Male) |
| 19:33 | Queue | Villager (Male) |
| 19:46 | Build | Barracks |
| 20:02 | Build | Farm |
| 20:03 | Build | Farm |
| 20:09 | Build | Farm |
| 20:11 | Build | Farm |
| 20:12 | Queue | Villager (Male) |
| 20:15 | Queue | Villager (Male) |
| 20:15 | Queue | Villager (Male) |
| 20:15 | Queue | Villager (Male) |
| 20:15 | Queue | Villager (Male) |
| 20:16 | Research | Loom |
| 20:38 | Queue | Villager (Male) |
| 20:39 | Queue | Villager (Male) |
| 20:41 | Queue | Villager (Male) |
| 20:49 | Build | Stable |
| 20:55 | Queue | Villager (Male) |
| 20:55 | Queue | Villager (Male) |
| 20:58 | Build | Farm |
| 21:11 | Build | Farm |
| 21:13 | Queue | Villager (Male) |
| 21:22 | Build | Stable |
| 21:27 | Queue | Knight |
| 21:28 | Queue | Knight |
| 21:34 | Queue | Knight |
| 21:36 | Queue | Villager (Male) |
| 21:39 | Build | Farm |
| 21:42 | Build | Farm |
| 21:51 | Queue | Villager (Male) |
| 21:53 | Queue | Villager (Male) |
| 21:54 | Queue | Villager (Male) |
| 21:57 | Queue | Knight |
| 22:13 | Queue | Villager (Male) |
| 22:13 | Queue | Villager (Male) |
| 22:13 | Queue | Villager (Male) |
| 22:13 | Queue | Villager (Male) |
| 22:16 | Queue | Villager (Male) |
| 22:16 | Queue | Villager (Male) |
| 22:19 | Build | Lumber Camp |
| 22:31 | Build | House |
| 22:55 | Research | Scale Barding Armor |
Build order — Fabrizio 094455
First 150 of 1309 actions detected
| 0:01 | Research | Loom |
| 0:03 | Build | House |
| 0:04 | Build | House |
| 0:07 | Queue | Villager (Male) |
| 0:07 | Queue | Villager (Male) |
| 0:15 | Queue | Villager (Male) |
| 0:16 | Queue | Villager (Male) |
| 0:57 | Build | Palisade Wall |
| 0:59 | Build | Palisade Wall |
| 1:27 | Build | House |
| 1:33 | Build | House |
| 2:01 | Build | Lumber Camp |
| 2:13 | Queue | Villager (Male) |
| 2:38 | Build | Palisade Wall |
| 3:29 | Queue | Villager (Male) |
| 3:29 | Queue | Villager (Male) |
| 3:54 | Queue | Villager (Male) |
| 4:21 | Queue | Villager (Male) |
| 4:48 | Queue | Villager (Male) |
| 4:57 | Build | House |
| 5:11 | Queue | Villager (Male) |
| 5:34 | Queue | Villager (Male) |
| 6:00 | Queue | Villager (Male) |
| 6:14 | Build | House |
| 6:16 | Queue | Villager (Male) |
| 6:17 | Queue | Villager (Male) |
| 6:45 | Queue | Villager (Male) |
| 7:12 | Queue | Villager (Male) |
| 7:25 | Queue | Villager (Male) |
| 7:26 | Queue | Villager (Male) |
| 8:14 | Build | Mining Camp |
| 8:24 | Queue | Villager (Male) |
| 8:25 | Queue | Villager (Male) |
| 9:29 | Queue | Villager (Male) |
| 9:49 | Research | Feudal Age |
| 9:49 | Research | Feudal Age |
| 9:55 | Build | House |
| 11:18 | Queue | Villager (Male) |
| 11:18 | Queue | Villager (Male) |
| 11:37 | Build | Mill |
| 12:07 | Build | Blacksmith |
| 12:13 | Build | Market |
| 13:08 | Research | Castle Age |
| 14:21 | Research | Double-Bit Axe |
| 14:22 | Research | Horse Collar |
| 14:22 | Research | Horse Collar |
| 15:33 | Research | Wheelbarrow |
| 15:53 | Build | Castle |
| 16:05 | Queue | Villager (Male) |
| 16:05 | Queue | Villager (Male) |
| 17:08 | Queue | Villager (Male) |
| 17:08 | Queue | Villager (Male) |
| 17:13 | Queue | Plumed Archer |
| 17:27 | Build | Town Center |
| 17:32 | Queue | Plumed Archer |
| 17:33 | Queue | Villager (Male) |
| 17:45 | Queue | Villager (Male) |
| 17:46 | Queue | Villager (Male) |
| 17:58 | Queue | Villager (Male) |
| 18:34 | Queue | Villager (Male) |
| 18:34 | Queue | Villager (Male) |
| 18:45 | Build | Farm |
| 18:46 | Build | Farm |
| 18:46 | Build | Farm |
| 18:46 | Build | Farm |
| 19:03 | Queue | Villager (Male) |
| 19:05 | Queue | Villager (Male) |
| 19:08 | Build | Farm |
| 19:14 | Queue | Villager (Male) |
| 19:17 | Queue | Villager (Male) |
| 19:17 | Queue | Villager (Male) |
| 19:56 | Queue | Plumed Archer |
| 19:56 | Queue | Villager (Male) |
| 19:58 | Queue | Villager (Male) |
| 20:06 | Build | Farm |
| 20:08 | Build | Farm |
| 20:12 | Queue | Villager (Male) |
| 20:12 | Queue | Villager (Male) |
| 20:29 | Build | Siege Workshop |
| 20:30 | Queue | Plumed Archer |
| 20:31 | Queue | Plumed Archer |
| 20:37 | Build | Farm |
| 20:38 | Queue | Villager (Male) |
| 20:43 | Queue | Plumed Archer |
| 20:54 | Build | Farm |
| 21:00 | Queue | Villager (Male) |
| 21:06 | Queue | Plumed Archer |
| 21:06 | Queue | Plumed Archer |
| 21:09 | Queue | Villager (Male) |
| 21:09 | Queue | Villager (Male) |
| 21:20 | Queue | Villager (Male) |
| 21:24 | Build | Farm |
| 21:28 | Queue | Plumed Archer |
| 21:29 | Queue | Villager (Male) |
| 21:47 | Build | Castle |
| 21:51 | Research | Fletching |
| 21:51 | Research | Fletching |
| 22:05 | Queue | Scorpion |
| 22:11 | Queue | Villager (Male) |
| 22:15 | Queue | Plumed Archer |
| 22:40 | Build | Castle |
| 22:49 | Queue | Villager (Male) |
| 22:56 | Queue | Mangonel |
| 22:56 | Queue | Mangonel |
| 23:20 | Queue | Villager (Male) |
| 23:21 | Queue | Villager (Male) |
| 23:24 | Queue | Villager (Male) |
| 23:25 | Queue | Villager (Male) |
| 23:25 | Queue | Villager (Male) |
| 23:47 | Build | Lumber Camp |
| 24:08 | Queue | Villager (Male) |
| 24:09 | Queue | Villager (Male) |
| 24:10 | Build | Farm |
| 24:14 | Build | House |
| 24:16 | Build | House |
| 24:16 | Build | House |
| 24:31 | Queue | Plumed Archer |
| 24:31 | Queue | Plumed Archer |
| 24:32 | Queue | Villager (Male) |
| 24:32 | Queue | Villager (Male) |
| 24:41 | Build | House |
| 24:42 | Build | House |
| 24:50 | Queue | Plumed Archer |
| 24:50 | Queue | Plumed Archer |
| 24:52 | Queue | Villager (Male) |
| 24:52 | Queue | Villager (Male) |
| 25:25 | Queue | Plumed Archer |
| 25:27 | Research | Bodkin Arrow |
| 25:28 | Queue | Villager (Male) |
| 25:28 | Queue | Villager (Male) |
| 25:30 | Build | Farm |
| 25:44 | Queue | Battering Ram |
| 25:45 | Queue | Villager (Male) |
| 25:45 | Queue | Villager (Male) |
| 26:00 | Build | Town Center |
| 26:01 | Queue | Villager (Male) |
| 26:01 | Queue | Villager (Male) |
| 26:14 | Queue | Plumed Archer |
| 26:17 | Queue | Villager (Male) |
| 26:18 | Queue | Villager (Male) |
| 26:33 | Queue | Plumed Archer |
| 26:35 | Queue | Villager (Male) |
| 26:42 | Queue | Villager (Male) |
| 26:42 | Queue | Villager (Male) |
| 27:23 | Queue | Plumed Archer |
| 27:24 | Queue | Villager (Male) |
| 27:24 | Queue | Villager (Male) |
| 27:58 | Queue | Plumed Archer |
| 27:58 | Queue | Plumed Archer |
| 27:59 | Queue | Villager (Male) |
Build order — artemjunior
First 150 of 614 actions detected
| 0:01 | Research | Loom |
| 0:47 | Queue | Villager (Male) |
| 1:11 | Queue | Villager (Male) |
| 1:44 | Queue | Villager (Male) |
| 2:02 | Queue | Villager (Male) |
| 2:29 | Queue | Villager (Male) |
| 2:41 | Build | Lumber Camp |
| 2:51 | Build | House |
| 3:00 | Queue | Villager (Male) |
| 3:00 | Queue | Villager (Male) |
| 3:11 | Build | Palisade Wall |
| 3:22 | Queue | Villager (Male) |
| 3:22 | Queue | Villager (Male) |
| 3:42 | Queue | Villager (Male) |
| 4:00 | Build | House |
| 4:14 | Queue | Villager (Male) |
| 4:32 | Queue | Villager (Male) |
| 4:44 | Build | Palisade Wall |
| 4:58 | Queue | Villager (Male) |
| 5:15 | Queue | Villager (Male) |
| 5:21 | Build | Mill |
| 5:52 | Queue | Villager (Male) |
| 5:53 | Queue | Villager (Male) |
| 6:26 | Build | House |
| 6:32 | Queue | Villager (Male) |
| 6:56 | Queue | Villager (Male) |
| 7:02 | Build | House |
| 7:19 | Queue | Villager (Male) |
| 8:07 | Build | House |
| 8:08 | Queue | Villager (Male) |
| 8:09 | Queue | Villager (Male) |
| 8:34 | Build | Palisade Wall |
| 8:41 | Build | Mining Camp |
| 8:48 | Queue | Villager (Male) |
| 8:50 | Queue | Villager (Male) |
| 9:11 | Build | House |
| 9:31 | Research | Feudal Age |
| 10:16 | Build | Lumber Camp |
| 11:51 | Queue | Villager (Male) |
| 11:51 | Queue | Villager (Male) |
| 11:58 | Age | Feudal Age |
| 12:07 | Build | Market |
| 12:19 | Build | Blacksmith |
| 12:52 | Research | Castle Age |
| 13:03 | Research | Double-Bit Axe |
| 13:05 | Research | Horse Collar |
| 13:13 | Build | Farm |
| 13:14 | Build | Farm |
| 13:19 | Build | Farm |
| 13:48 | Build | Farm |
| 14:03 | Build | Farm |
| 14:07 | Queue | Villager (Male) |
| 14:07 | Queue | Villager (Male) |
| 14:18 | Build | Farm |
| 14:19 | Build | Farm |
| 14:35 | Build | House |
| 14:38 | Build | House |
| 14:41 | Build | House |
| 15:32 | Age | Castle Age |
| 15:36 | Build | Town Center |
| 15:44 | Build | Town Center |
| 15:51 | Queue | Villager (Male) |
| 16:20 | Build | Stone Wall |
| 16:37 | Queue | Villager (Male) |
| 16:38 | Queue | Villager (Male) |
| 16:54 | Queue | Villager (Male) |
| 16:55 | Queue | Villager (Male) |
| 17:13 | Build | House |
| 17:19 | Build | Farm |
| 17:20 | Build | Farm |
| 17:23 | Queue | Villager (Male) |
| 17:24 | Queue | Villager (Male) |
| 17:24 | Queue | Villager (Male) |
| 17:24 | Queue | Villager (Male) |
| 17:40 | Queue | Villager (Male) |
| 17:43 | Build | Barracks |
| 18:00 | Queue | Villager (Male) |
| 18:01 | Queue | Villager (Male) |
| 18:17 | Queue | Villager (Male) |
| 18:17 | Queue | Villager (Male) |
| 18:34 | Build | Archery Range |
| 18:40 | Queue | Villager (Male) |
| 18:40 | Queue | Villager (Male) |
| 18:41 | Queue | Villager (Male) |
| 18:57 | Build | Farm |
| 18:57 | Build | Farm |
| 18:58 | Build | Farm |
| 19:09 | Queue | Villager (Male) |
| 19:09 | Queue | Villager (Male) |
| 19:15 | Build | Mining Camp |
| 19:38 | Queue | Skirmisher |
| 19:38 | Queue | Skirmisher |
| 20:08 | Build | Archery Range |
| 20:22 | Research | Elite Skirmisher (upgrade) |
| 20:24 | Queue | Villager (Male) |
| 20:25 | Queue | Villager (Male) |
| 20:25 | Queue | Villager (Male) |
| 20:32 | Build | Farm |
| 20:33 | Build | Farm |
| 20:43 | Queue | Villager (Male) |
| 20:43 | Queue | Villager (Male) |
| 20:51 | Queue | Skirmisher |
| 20:52 | Queue | Skirmisher |
| 21:02 | Queue | Villager (Male) |
| 21:02 | Queue | Villager (Male) |
| 21:23 | Queue | Villager (Male) |
| 21:23 | Queue | Villager (Male) |
| 21:23 | Queue | Villager (Male) |
| 21:27 | Build | Farm |
| 21:31 | Build | Farm |
| 21:35 | Queue | Villager (Male) |
| 21:39 | Queue | Archer |
| 21:45 | Queue | Villager (Male) |
| 21:45 | Queue | Villager (Male) |
| 22:01 | Queue | Villager (Male) |
| 22:15 | Queue | Villager (Male) |
| 22:15 | Queue | Villager (Male) |
| 22:31 | Queue | Villager (Male) |
| 22:32 | Queue | Villager (Male) |
| 22:32 | Queue | Villager (Male) |
| 22:32 | Queue | Villager (Male) |
| 22:57 | Queue | Villager (Male) |
| 23:03 | Build | Castle |
| 23:11 | Queue | Skirmisher |
| 23:11 | Queue | Skirmisher |
| 23:14 | Queue | Villager (Male) |
| 23:15 | Queue | Villager (Male) |
| 23:33 | Queue | Villager (Male) |
| 23:33 | Queue | Villager (Male) |
| 23:33 | Queue | Villager (Male) |
| 23:37 | Build | Farm |
| 23:42 | Build | Farm |
| 23:42 | Build | Farm |
| 23:42 | Build | Farm |
| 23:42 | Build | Farm |
| 23:43 | Build | Farm |
| 24:10 | Queue | Villager (Male) |
| 24:10 | Queue | Villager (Male) |
| 24:10 | Queue | Villager (Male) |
| 24:11 | Queue | Villager (Male) |
| 24:27 | Build | House |
| 24:29 | Build | House |
| 24:31 | Build | House |
| 24:34 | Build | House |
| 24:36 | Build | House |
| 24:40 | Build | Farm |
| 24:40 | Build | Farm |
| 24:40 | Build | Farm |
| 24:41 | Build | Farm |
| 24:44 | Queue | Villager (Male) |
Build order — JoeNature
First 150 of 587 actions detected
| 0:04 | Queue | Villager (Male) ×4 |
| 0:04 | Queue | Villager (Male) ×4 |
| 0:08 | Build | House |
| 0:11 | Build | House |
| 0:34 | Build | Mill |
| 1:39 | Research | Loom |
| 1:47 | Queue | Villager (Male) |
| 2:18 | Queue | Villager (Male) |
| 2:18 | Queue | Villager (Male) |
| 2:34 | Queue | Villager (Male) |
| 2:34 | Queue | Villager (Male) |
| 2:54 | Queue | Villager (Male) |
| 2:54 | Queue | Villager (Male) |
| 3:22 | Queue | Villager (Male) |
| 3:29 | Build | House |
| 3:50 | Queue | Villager (Male) |
| 3:51 | Queue | Villager (Male) |
| 3:51 | Queue | Villager (Male) |
| 4:17 | Queue | Villager (Male) |
| 4:17 | Queue | Villager (Male) |
| 5:10 | Build | House |
| 5:14 | Build | Lumber Camp |
| 5:21 | Queue | Villager (Male) |
| 5:21 | Queue | Villager (Male) |
| 5:21 | Queue | Villager (Male) |
| 5:37 | Queue | Villager (Male) |
| 6:04 | Queue | Villager (Male) |
| 6:04 | Queue | Villager (Male) |
| 6:04 | Queue | Villager (Male) |
| 6:40 | Queue | Villager (Male) |
| 7:00 | Queue | Villager (Male) |
| 7:34 | Queue | Villager (Male) |
| 7:35 | Queue | Villager (Male) |
| 7:51 | Queue | Villager (Male) |
| 8:20 | Build | House |
| 8:25 | Build | Mining Camp |
| 8:58 | Build | Mining Camp |
| 9:46 | Research | Feudal Age |
| 9:57 | Build | Mill |
| 11:56 | Age | Feudal Age |
| 12:08 | Build | Market |
| 12:15 | Build | Blacksmith |
| 12:19 | Queue | Villager (Male) |
| 12:24 | Queue | Villager (Male) |
| 13:00 | Build | Mill |
| 13:54 | Research | Castle Age |
| 15:16 | Research | Double-Bit Axe |
| 15:27 | Build | Farm |
| 15:28 | Build | Farm |
| 15:30 | Build | Farm |
| 15:31 | Build | Farm |
| 15:32 | Build | Farm |
| 15:34 | Build | Farm |
| 15:37 | Research | Horse Collar |
| 16:24 | Queue | Villager (Male) |
| 16:24 | Queue | Villager (Male) |
| 16:25 | Queue | Villager (Male) |
| 16:34 | Age | Castle Age |
| 16:39 | Build | Town Center |
| 16:49 | Build | Town Center |
| 16:57 | Research | Bow Saw |
| 17:00 | Queue | Villager (Male) |
| 17:08 | Build | House |
| 17:11 | Build | House |
| 17:21 | Queue | Villager (Male) |
| 18:01 | Queue | Villager (Male) |
| 18:01 | Queue | Villager (Male) |
| 18:01 | Queue | Villager (Male) |
| 18:04 | Queue | Villager (Male) |
| 18:35 | Queue | Villager (Male) |
| 18:37 | Queue | Villager (Male) |
| 18:43 | Build | Town Center |
| 18:48 | Queue | Villager (Male) |
| 18:49 | Queue | Villager (Male) |
| 19:17 | Research | Heavy Plow |
| 19:22 | Queue | Villager (Male) |
| 19:23 | Queue | Villager (Male) |
| 19:41 | Build | Farm |
| 19:42 | Build | Farm |
| 19:47 | Build | Farm |
| 19:50 | Queue | Villager (Male) |
| 19:59 | Queue | Villager (Male) |
| 20:01 | Build | Farm |
| 20:07 | Build | Farm |
| 20:13 | Build | Farm |
| 20:22 | Build | Farm |
| 20:28 | Build | Farm |
| 20:33 | Build | Farm |
| 20:35 | Queue | Villager (Male) |
| 20:37 | Queue | Villager (Male) |
| 20:44 | Queue | Villager (Male) |
| 20:50 | Queue | Villager (Male) |
| 20:53 | Queue | Villager (Male) |
| 20:55 | Queue | Villager (Male) |
| 21:14 | Queue | Villager (Male) |
| 21:17 | Queue | Villager (Male) |
| 21:28 | Build | House |
| 21:39 | Research | Wheelbarrow |
| 21:57 | Queue | Villager (Male) |
| 21:58 | Queue | Villager (Male) |
| 22:07 | Build | House |
| 22:08 | Build | House |
| 22:09 | Build | House |
| 22:11 | Build | House |
| 22:13 | Queue | Villager (Male) |
| 22:23 | Queue | Villager (Male) |
| 22:30 | Build | Farm |
| 22:30 | Build | Farm |
| 22:32 | Build | Farm |
| 22:33 | Build | Farm |
| 22:34 | Build | Farm |
| 22:37 | Build | Farm |
| 22:40 | Build | Farm |
| 22:47 | Build | Farm |
| 22:50 | Build | Farm |
| 22:51 | Build | Farm |
| 22:53 | Queue | Villager (Male) |
| 22:54 | Queue | Villager (Male) |
| 22:55 | Queue | Villager (Male) |
| 22:59 | Queue | Villager (Male) |
| 23:03 | Queue | Villager (Male) |
| 23:11 | Queue | Villager (Male) |
| 23:21 | Build | Farm |
| 23:24 | Build | Farm |
| 23:25 | Build | Farm |
| 23:26 | Build | Farm |
| 23:27 | Build | Farm |
| 23:28 | Build | Farm |
| 23:30 | Queue | Villager (Male) |
| 23:32 | Queue | Villager (Male) |
| 23:34 | Queue | Villager (Male) |
| 23:39 | Build | House |
| 23:40 | Build | House |
| 23:41 | Build | House |
| 23:42 | Build | House |
| 23:43 | Build | House |
| 23:51 | Build | Town Center |
| 23:55 | Queue | Villager (Male) |
| 23:57 | Queue | Villager (Male) |
| 23:58 | Queue | Villager (Male) |
| 24:21 | Queue | Villager (Male) |
| 24:23 | Queue | Villager (Male) |
| 24:24 | Queue | Villager (Male) |
| 24:25 | Queue | Villager (Male) |
| 24:26 | Queue | Villager (Male) |
| 24:28 | Queue | Villager (Male) |
| 24:34 | Build | Lumber Camp |
| 24:44 | Build | Monastery |
| 24:49 | Build | University |
| 24:52 | Queue | Villager (Male) |
Build order — TicketedZero13
First 150 of 656 actions detected
| 0:02 | Research | Loom |
| 0:06 | Build | House |
| 0:08 | Build | House |
| 0:22 | Queue | Villager (Male) |
| 0:22 | Queue | Villager (Male) |
| 0:22 | Queue | Villager (Male) |
| 0:23 | Queue | Villager (Male) |
| 0:23 | Queue | Villager (Male) |
| 0:47 | Build | House |
| 1:06 | Build | Palisade Wall |
| 1:34 | Build | House |
| 1:35 | Build | Palisade Wall |
| 1:41 | Build | Palisade Wall |
| 1:43 | Build | Palisade Wall |
| 2:02 | Queue | Villager (Male) |
| 2:50 | Build | House |
| 3:34 | Build | House |
| 3:43 | Build | House |
| 3:54 | Queue | Villager (Male) |
| 3:55 | Queue | Villager (Male) |
| 4:07 | Build | House |
| 4:17 | Queue | Villager (Male) |
| 5:06 | Queue | Villager (Male) |
| 5:06 | Queue | Villager (Male) |
| 5:06 | Queue | Villager (Male) |
| 5:58 | Queue | Villager (Male) |
| 6:30 | Build | Lumber Camp |
| 6:36 | Queue | Villager (Male) |
| 6:52 | Build | Mill |
| 6:57 | Queue | Villager (Male) |
| 6:58 | Queue | Villager (Male) |
| 7:42 | Queue | Villager (Male) |
| 7:57 | Queue | Villager (Male) |
| 8:23 | Build | Mill |
| 8:28 | Build | Mill |
| 8:31 | Queue | Villager (Male) |
| 8:43 | Queue | Villager (Male) |
| 9:02 | Queue | Villager (Male) |
| 9:11 | Build | Farm |
| 10:00 | Build | Mining Camp |
| 10:12 | Research | Feudal Age |
| 10:22 | Build | Farm |
| 10:39 | Build | Farm |
| 11:03 | Queue | Villager (Male) |
| 11:14 | Build | Farm |
| 11:49 | Queue | Villager (Male) |
| 12:23 | Build | Barracks |
| 12:37 | Build | Barracks |
| 12:41 | Build | House |
| 12:47 | Queue | Villager (Male) |
| 12:56 | Build | Palisade Wall |
| 13:04 | Build | House |
| 13:18 | Build | Watch Tower |
| 13:27 | Queue | Villager (Male) |
| 13:30 | Queue | Villager (Male) |
| 13:50 | Queue | Villager (Male) |
| 13:59 | Build | Mining Camp |
| 14:01 | Queue | Villager (Male) |
| 14:19 | Queue | Spearman |
| 14:19 | Queue | Spearman |
| 14:19 | Queue | Spearman |
| 14:46 | Build | Archery Range |
| 14:54 | Build | House |
| 14:58 | Build | House |
| 15:01 | Queue | Villager (Male) |
| 15:04 | Queue | Villager (Male) |
| 15:09 | Research | Double-Bit Axe |
| 15:28 | Queue | Archer |
| 15:29 | Queue | Archer |
| 15:57 | Queue | Villager (Male) |
| 16:07 | Build | Watch Tower |
| 16:35 | Build | Watch Tower |
| 16:38 | Queue | Villager (Male) |
| 16:49 | Build | Blacksmith |
| 16:51 | Queue | Archer |
| 16:51 | Queue | Archer |
| 16:52 | Queue | Archer |
| 16:52 | Queue | Archer |
| 16:56 | Build | House |
| 16:59 | Build | House |
| 17:08 | Build | House |
| 17:27 | Build | Archery Range |
| 17:30 | Queue | Archer |
| 18:08 | Build | Archery Range |
| 18:10 | Queue | Archer |
| 18:10 | Queue | Archer |
| 18:11 | Queue | Villager (Male) |
| 18:15 | Build | House |
| 18:17 | Build | House |
| 18:17 | Queue | Villager (Male) |
| 18:17 | Queue | Villager (Male) |
| 18:22 | Build | House |
| 18:24 | Queue | Villager (Male) |
| 18:28 | Research | Wheelbarrow |
| 18:30 | Queue | Spearman |
| 18:30 | Queue | Spearman |
| 18:32 | Queue | Spearman |
| 18:35 | Queue | Villager (Male) |
| 18:35 | Queue | Villager (Male) |
| 18:43 | Queue | Villager (Male) |
| 18:43 | Queue | Villager (Male) |
| 18:44 | Queue | Villager (Male) |
| 18:45 | Queue | Villager (Male) |
| 18:50 | Research | Wheelbarrow |
| 18:51 | Queue | Villager (Male) |
| 19:00 | Build | Farm |
| 19:01 | Queue | Villager (Male) |
| 19:10 | Queue | Archer |
| 19:10 | Queue | Archer |
| 19:10 | Queue | Archer |
| 19:54 | Queue | Villager (Male) |
| 19:59 | Queue | Villager (Male) |
| 20:14 | Build | Farm |
| 20:15 | Queue | Villager (Male) |
| 20:23 | Build | Farm |
| 20:23 | Build | Farm |
| 20:23 | Build | Farm |
| 20:23 | Build | Farm |
| 20:24 | Build | Farm |
| 20:24 | Build | Farm |
| 20:31 | Queue | Villager (Male) |
| 20:35 | Queue | Villager (Male) |
| 20:42 | Queue | Archer |
| 20:42 | Queue | Archer |
| 20:42 | Queue | Archer |
| 21:02 | Build | Farm |
| 21:21 | Build | Farm |
| 21:24 | Build | Farm |
| 21:29 | Build | Farm |
| 21:37 | Build | Farm |
| 21:42 | Queue | Villager (Male) |
| 21:49 | Build | Farm |
| 22:13 | Build | Farm |
| 22:16 | Queue | Villager (Male) |
| 22:28 | Queue | Archer |
| 22:29 | Queue | Archer |
| 22:30 | Queue | Archer |
| 22:38 | Queue | Villager (Male) |
| 22:47 | Build | Farm |
| 22:47 | Build | Farm |
| 22:47 | Build | Farm |
| 22:47 | Build | Farm |
| 22:47 | Build | Farm |
| 22:54 | Build | Farm |
| 23:33 | Research | Fletching |
| 24:12 | Research | Castle Age |
| 24:22 | Build | Farm |
| 24:22 | Build | Farm |
| 24:22 | Build | Farm |
| 24:22 | Build | Farm |
Match timeline
| 0:57 | Fabrizio 094455 · wall_segment Palisade Wall x6 |
| 0:59 | Fabrizio 094455 · wall_segment Palisade Wall x2 |
| 1:04 | K · wall_segment Palisade Wall x4 |
| 1:06 | TicketedZero13 · wall_segment Palisade Wall x5 |
| 1:35 | TicketedZero13 · wall_segment Palisade Wall x1 |
| 1:41 | TicketedZero13 · wall_segment Palisade Wall x1 |
| 1:43 | TicketedZero13 · wall_segment Palisade Wall x1 |
| 2:38 | Fabrizio 094455 · wall_segment Palisade Wall x1 |
| 3:11 | artemjunior · wall_segment Palisade Wall x2 |
| 3:24 | K · wall_segment Palisade Wall x1 |
| 3:50 | K · wall_segment Palisade Wall x1 |
| 4:12 | K · wall_segment Palisade Wall x7 |
| 4:44 | artemjunior · wall_segment Palisade Wall x7 |
| 4:47 | K · wall_segment Palisade Wall x3 |
| 5:14 | K · wall_segment Palisade Wall x1 |
| 8:34 | artemjunior · wall_segment Palisade Wall x7 |
| 10:47 | moor_samara · age_up feudal |
| 11:36 | K · age_up feudal |
| 11:56 | JoeNature · age_up feudal |
| 11:58 | artemjunior · age_up feudal |
| 12:23 | TicketedZero13 · first_building Barracks |
| 12:56 | TicketedZero13 · wall_segment Palisade Wall x1 |
| 13:02 | Fabrizio 094455 · first_market_sell 100 wood |
| 13:26 | DeMainFast · age_up feudal |
| 14:46 | TicketedZero13 · first_building Archery Range |
| 14:52 | moor_samara · age_up castle |
| 14:54 | DeMainFast · first_building Barracks |
| 15:32 | artemjunior · age_up castle |
| 15:53 | Fabrizio 094455 · first_building Castle |
| 16:13 | artemjunior · first_market_buy 100 stone |
| 16:20 | artemjunior · wall_segment Stone Wall x8 |
| 16:34 | JoeNature · age_up castle |
| 17:21 | DeMainFast · age_up castle |
| 17:30 | artemjunior · first_market_sell 500 wood |
| 17:43 | artemjunior · first_building Barracks |
| 18:34 | artemjunior · first_building Archery Range |
| 18:43 | K · first_market_sell 100 wood |
| 19:39 | AcousticBook4 · first_building Barracks |
| 19:46 | moor_samara · first_building Barracks |
| 20:29 | Fabrizio 094455 · first_building Siege Workshop |
| 20:37 | AcousticBook4 · first_building Monastery |
| 20:43 | JoeNature · first_market_buy 100 food |
| 20:49 | moor_samara · first_building Stable |
| 21:24 | K · age_up castle |
| 21:49 | AcousticBook4 · first_building Stable |
| 22:02 | K · first_building Siege Workshop |
| 22:36 | DeMainFast · first_building Siege Workshop |
| 22:52 | Fabrizio 094455 · first_market_buy 500 wood |
| 23:03 | artemjunior · first_building Castle |
| 23:12 | K · first_building Castle |
| 23:35 | K · wall_segment Palisade Wall x1 |
| 24:44 | JoeNature · first_building Monastery |
| 26:03 | JoeNature · first_building Barracks |
| 26:13 | moor_samara · first_building Castle |
| 26:15 | AcousticBook4 · first_building Castle |
| 26:54 | DeMainFast · first_building Castle |
| 26:57 | TicketedZero13 · first_building Castle |
| 27:24 | JoeNature · first_building Stable |
| 28:02 | TicketedZero13 · first_building Siege Workshop |
| 28:29 | Fabrizio 094455 · tribute_sent a jugador 1 |
| 28:29 | Fabrizio 094455 · tribute_sent a jugador 2 |
| 28:29 | Fabrizio 094455 · tribute_sent a jugador 3 |
| 28:29 | Fabrizio 094455 · tribute_sent a jugador 5 |
| 28:29 | Fabrizio 094455 · tribute_sent a jugador 6 |
| 28:29 | Fabrizio 094455 · tribute_sent a jugador 7 |
| 28:29 | Fabrizio 094455 · tribute_sent a jugador 8 |
| 28:38 | JoeNature · first_building Castle |
| 29:26 | K · first_building Stable |
| 29:33 | Fabrizio 094455 · first_building Monastery |
| 30:16 | TicketedZero13 · first_market_sell 100 food |
| 30:16 | TicketedZero13 · first_market_buy 100 wood |
| 30:32 | TicketedZero13 · first_building Stable |
| 30:42 | Fabrizio 094455 · first_building Barracks |
| 30:45 | DeMainFast · first_building Monastery |
| 31:35 | JoeNature · age_up imperial |
| 32:20 | Fabrizio 094455 · tribute_sent a jugador 1 |
| 32:20 | Fabrizio 094455 · tribute_sent a jugador 2 |
| 32:20 | Fabrizio 094455 · tribute_sent a jugador 3 |
| 32:20 | Fabrizio 094455 · tribute_sent a jugador 5 |
| 32:20 | Fabrizio 094455 · tribute_sent a jugador 6 |
| 32:20 | Fabrizio 094455 · tribute_sent a jugador 7 |
| 32:20 | Fabrizio 094455 · tribute_sent a jugador 8 |
| 32:21 | AcousticBook4 · wall_segment Palisade Wall x10 |
| 32:22 | K · first_market_buy 100 food |
| 32:26 | Fabrizio 094455 · first_building Archery Range |
| 32:36 | DeMainFast · age_up imperial |
| 33:10 | Fabrizio 094455 · tribute_sent a jugador 1 |
| 33:10 | Fabrizio 094455 · tribute_sent a jugador 2 |
| 33:10 | Fabrizio 094455 · tribute_sent a jugador 3 |
| 33:10 | Fabrizio 094455 · tribute_sent a jugador 5 |
| 33:10 | Fabrizio 094455 · tribute_sent a jugador 6 |
| 33:10 | Fabrizio 094455 · tribute_sent a jugador 7 |
| 33:10 | Fabrizio 094455 · tribute_sent a jugador 8 |
| 33:22 | moor_samara · wall_segment Palisade Wall x1 |
| 33:43 | moor_samara · first_building Siege Workshop |
| 34:04 | moor_samara · wall_segment Stone Wall x1 |
| 34:06 | artemjunior · first_building Siege Workshop |
| 34:10 | artemjunior · age_up imperial |
| 35:04 | Fabrizio 094455 · tribute_sent a jugador 1 |
| 35:04 | Fabrizio 094455 · tribute_sent a jugador 2 |
| 35:04 | Fabrizio 094455 · tribute_sent a jugador 3 |
| 35:04 | Fabrizio 094455 · tribute_sent a jugador 5 |
| 35:04 | Fabrizio 094455 · tribute_sent a jugador 6 |
| 35:04 | Fabrizio 094455 · tribute_sent a jugador 7 |
| 35:04 | Fabrizio 094455 · tribute_sent a jugador 8 |
| 35:33 | K · age_up imperial |
| 35:48 | Fabrizio 094455 · tribute_sent a jugador 1 |
| 35:48 | Fabrizio 094455 · tribute_sent a jugador 2 |
| 35:48 | Fabrizio 094455 · tribute_sent a jugador 3 |
| 35:48 | Fabrizio 094455 · tribute_sent a jugador 5 |
| 35:48 | Fabrizio 094455 · tribute_sent a jugador 6 |
| 35:48 | Fabrizio 094455 · tribute_sent a jugador 7 |
| 35:48 | Fabrizio 094455 · tribute_sent a jugador 8 |
| 36:49 | moor_samara · age_up imperial |
| 37:50 | Fabrizio 094455 · tribute_sent a jugador 1 |
| 37:50 | Fabrizio 094455 · tribute_sent a jugador 2 |
| 37:50 | Fabrizio 094455 · tribute_sent a jugador 3 |
| 37:50 | Fabrizio 094455 · tribute_sent a jugador 5 |
| 37:50 | Fabrizio 094455 · tribute_sent a jugador 6 |
| 37:50 | Fabrizio 094455 · tribute_sent a jugador 7 |
| 37:50 | Fabrizio 094455 · tribute_sent a jugador 8 |
| 38:28 | DeMainFast · first_market_sell 500 food |
| 39:34 | JoeNature · first_building Siege Workshop |
| 41:46 | Fabrizio 094455 · tribute_sent a jugador 1 |
| 41:46 | Fabrizio 094455 · tribute_sent a jugador 2 |
| 41:46 | Fabrizio 094455 · tribute_sent a jugador 3 |
| 41:46 | Fabrizio 094455 · tribute_sent a jugador 5 |
| 41:46 | Fabrizio 094455 · tribute_sent a jugador 6 |
| 41:46 | Fabrizio 094455 · tribute_sent a jugador 7 |
| 41:46 | Fabrizio 094455 · tribute_sent a jugador 8 |
| 41:55 | TicketedZero13 · wall_segment Palisade Wall x1 |
| 42:01 | DeMainFast · tribute_sent a jugador 1 |
| 42:01 | DeMainFast · tribute_sent a jugador 3 |
| 42:01 | DeMainFast · tribute_sent a jugador 4 |
| 42:01 | DeMainFast · tribute_sent a jugador 5 |
| 42:01 | DeMainFast · tribute_sent a jugador 6 |
| 42:01 | DeMainFast · tribute_sent a jugador 7 |
| 42:01 | DeMainFast · tribute_sent a jugador 8 |
| 43:16 | moor_samara · first_building Monastery |
| 43:31 | DeMainFast · first_building Archery Range |
| 43:54 | TicketedZero13 · first_building Monastery |
| 44:08 | K · wall_segment Stone Wall x10 |
| 45:27 | TicketedZero13 · wall_segment Palisade Wall x1 |
| 48:18 | JoeNature · tribute_sent a jugador 1 |
| 48:18 | JoeNature · tribute_sent a jugador 2 |
| 48:18 | JoeNature · tribute_sent a jugador 3 |
| 48:18 | JoeNature · tribute_sent a jugador 4 |
| 48:18 | JoeNature · tribute_sent a jugador 5 |
| 48:18 | JoeNature · tribute_sent a jugador 6 |
| 48:18 | JoeNature · tribute_sent a jugador 8 |
| 48:30 | K · first_building Monastery |
| 49:18 | AcousticBook4 · first_market_sell 100 food |
| 53:17 | Fabrizio 094455 · tribute_sent a jugador 1 |
| 53:17 | Fabrizio 094455 · tribute_sent a jugador 2 |
| 53:17 | Fabrizio 094455 · tribute_sent a jugador 3 |
| 53:17 | Fabrizio 094455 · tribute_sent a jugador 5 |
| 53:17 | Fabrizio 094455 · tribute_sent a jugador 6 |
| 53:17 | Fabrizio 094455 · tribute_sent a jugador 7 |
| 53:17 | Fabrizio 094455 · tribute_sent a jugador 8 |
| 61:18 | DeMainFast · tribute_sent a jugador 1 |
| 61:18 | DeMainFast · tribute_sent a jugador 3 |
| 61:18 | DeMainFast · tribute_sent a jugador 4 |
| 61:18 | DeMainFast · tribute_sent a jugador 5 |
| 61:18 | DeMainFast · tribute_sent a jugador 6 |
| 61:18 | DeMainFast · tribute_sent a jugador 7 |
| 61:18 | DeMainFast · tribute_sent a jugador 8 |
| 61:31 | AcousticBook4 · tribute_sent a jugador 1 |
| 61:31 | AcousticBook4 · tribute_sent a jugador 2 |
| 61:31 | AcousticBook4 · tribute_sent a jugador 3 |
| 61:31 | AcousticBook4 · tribute_sent a jugador 4 |
| 61:31 | AcousticBook4 · tribute_sent a jugador 5 |
| 61:31 | AcousticBook4 · tribute_sent a jugador 7 |
| 61:31 | AcousticBook4 · tribute_sent a jugador 8 |
| 63:03 | TicketedZero13 · tribute_sent a jugador 1 |
| 63:03 | TicketedZero13 · tribute_sent a jugador 2 |
| 63:03 | TicketedZero13 · tribute_sent a jugador 3 |
| 63:03 | TicketedZero13 · tribute_sent a jugador 4 |
| 63:03 | TicketedZero13 · tribute_sent a jugador 5 |
| 63:03 | TicketedZero13 · tribute_sent a jugador 6 |
| 63:03 | TicketedZero13 · tribute_sent a jugador 7 |
| 63:31 | moor_samara · first_market_sell 500 wood |
| 63:31 | AcousticBook4 · tribute_sent a jugador 1 |
| 63:31 | AcousticBook4 · tribute_sent a jugador 2 |
| 63:31 | AcousticBook4 · tribute_sent a jugador 3 |
| 63:31 | AcousticBook4 · tribute_sent a jugador 4 |
| 63:31 | AcousticBook4 · tribute_sent a jugador 5 |
| 63:31 | AcousticBook4 · tribute_sent a jugador 7 |
| 63:31 | AcousticBook4 · tribute_sent a jugador 8 |
| 64:20 | Fabrizio 094455 · resign |
[ AI ANALYSIS · 1 CREDIT ]
What really happened in this match?
Wolo.gg analyzes every decision: build order, eco, micro, common mistakes by bracket. Personalized analysis on WhatsApp or Discord in 30 seconds.
Civ guide
Khmer
Perfil
Jugador #2382093